 Dungeon Crawl Stone Soup version 0.31.0-12-g77e489cdc1 (webtiles) character file.

Game seed: 13119251718275396645

1069 Ekaitz the Conjurer (level 8, -4/63 HPs)
             Began as a Green Draconian Conjurer on Mar 1, 2024.
             Was an Initiate of Vehumet.
             Splashed by a brown ugly thing's acid (9 damage)
             ... on level 6 of the Dungeon.
             The game lasted 00:10:07 (5960 turns).

Ekaitz the Conjurer (Green Draconian Conjurer)      Turns: 5960, Time: 00:10:08

Health: -4/63      AC:  8    Str: 11    XL:     8   Next: 7%
Magic:  2/13       EV: 12    Int: 18    God:    Vehumet [......]
Gold:   234        SH:  4    Dex: 11    Spells: 2/13 levels left

rFire   . . .        g - +0 dagger
rCold   . . .        h - +0 buckler
rNeg    . . .        (body armour unavailable)
rPois   +            (helmet restricted)
rElec   .            e - +1 cloak
rCorr   .            (no gloves)
SInv    .            (no boots)
Will    +....        (no amulet)
Stlth   ++           c - ring of flight
HPRegen 0.30/turn    (no ring)
MPRegen 0.13/turn

%: no passive effects
@: short of breath, enlightened, flying
A: breathe noxious fumes, AC +6, unfitting armour, poison resistance,
cold-blooded
a: Breathe Noxious Fumes, Renounce Religion


You were on level 6 of the Dungeon.
You worshipped Vehumet.
Vehumet was noncommittal.
You visited 2 branches of the dungeon, and saw 7 of its levels.

You collected 234 gold pieces.

Inventory:

Hand Weapons
 f - a +2 whip of electrocution
 g - a +0 dagger (weapon)
 C - a +1 hammer of protection
 D - the +1 hammer "Vann" {flame, rElec rPois Str-3}
   (You found it on level 3 of the Dungeon)

   Str-3:     It affects your strength (-3).
   rElec:     It insulates you from electricity.
   rPois:     It protects you from poison
Missiles
 v - 2 curare-tipped darts
Armour
 e - a +1 cloak (worn)
 h - a +0 buckler (worn)
Jewellery
 c - a ring of flight (left hand)
 y - an amulet of guardian spirit
 E - a ring of ice
Talismans
 w - a flux talisman
Wands
 H - a wand of polymorph (10)
Scrolls
 d - 8 scrolls of identify {unknown}
 k - 2 scrolls of fog {unknown}
 m - 2 scrolls of enchant weapon {unknown}
 n - a scroll of vulnerability {unknown}
 r - a scroll of fear {unknown}
 s - a scroll of enchant armour {unknown}
 t - a scroll of revelation {unknown}
 u - 2 scrolls of teleportation {unknown}
 x - 2 scrolls of amnesia {unknown}
 F - 2 scrolls of noise {unknown}
 G - a scroll of summoning {unknown}
Potions
 a - a potion of magic
 b - a potion of brilliance {unknown}
 i - 3 potions of curing {unknown}
 j - a potion of mutation {unknown}
 o - a potion of invisibility {unknown}
 p - a potion of cancellation {unknown}
 q - 2 potions of lignification {unknown}
 z - 2 potions of attraction {unknown}
 A - 2 potions of might {unknown}
 I - a potion of degeneration {unknown}


   Skills:
 * Level 3.5 Fighting
 + Level 0.7 Short Blades
 * Level 3.2 Dodging
 + Level 2.6 Stealth
 * Level 2.8 Shields
 + Level 3.3 Spellcasting
 * Level 6.9 Conjurations
 * Level 2.5 Translocations
 * Level 1.5 Alchemy


You had 2 spell levels left.
You knew the following spells:

 Your Spells              Type           Power      Damage    Failure   Level
a - Magic Dart            Conj           100%       1d8       1%          1
b - Searing Ray           Conj           56%        2d6       1%          2
c - Iskenderun's Mystic   Conj/Tloc      20%        2d6       32%         4
d - Fulminant Prism       Conj/Alch      9%         3d7       36%         4

Your spell library contained the following spells:

 Spells                   Type           Power      Damage    Failure   Level
 Necrotise                Necr           12%        1d4       22%         1
 Vampiric Draining        Necr           3%         2d6       54%         3
 Martyr's Knell           Necr/Summ      3%         N/A       91%         4
 Curse of Agony           Necr           3%         N/A       99%         5


Dungeon Overview and Level Annotations

Branches:
Dungeon (6/15)             Temple (1/1) D:4

Altars:
Ashenzari
Cheibriados
Dithmenos
Elyvilon
Fedhas
Gozag
Hepliaklqana
Makhleb
Okawaru
Qazlal
Ru
Sif Muna
Trog
Vehumet
Wu Jian
Xom
Yredelemnul
Zin
The Shining One

Portals:
Sewer: D:6


Innate Abilities, Weirdness & Mutations

You can breathe blasts of noxious fumes.
Your lurid green scales are hard. (AC +6)
You cannot fit into any form of body armour.
Your system is resistant to poisons. (rPois)
You are cold-blooded and may be slowed by cold attacks.


Message History

You closely miss the green ugly thing.
The green ugly thing is moderately wounded.
The green ugly thing headbutts you but does no damage.
You hit the green ugly thing but do no damage.
The green ugly thing is moderately wounded.
The green ugly thing closely misses you.
Aiming: Polymorph
Press: ? - help, Shift-Dir - straight line, f/p - green ugly thing
Aim: a green ugly thing (moderately wounded, will change colour)
Okay, then.
Unknown command.
Okay, then.
It was a potion of enlightenment.
You feel more buoyant.
The green ugly thing basks in your mutagenic energy and changes!
The brown ugly thing tail-slaps you!
You are splashed with acid!
* * * LOW HITPOINT WARNING * * *
Your magical contamination has completely faded away.
You hit the brown ugly thing.
The brown ugly thing is moderately wounded.
The brown ugly thing tail-slaps you but does no damage.
Aiming: Breathe Noxious Fumes (4% risk of failure)
Press: ? - help, Shift-Dir - straight line, f/p - brown ugly thing
Aim: a brown ugly thing (moderately wounded, 59% to hit)
You exhale a blast of noxious fumes.
The blast of choking fumes misses the brown ugly thing.
The brown ugly thing is engulfed in noxious fumes.
The brown ugly thing barely misses you.
You hit the brown ugly thing but do no damage.
Your tail-slap misses the brown ugly thing.
The brown ugly thing is moderately wounded.
The brown ugly thing is engulfed in noxious fumes.
The brown ugly thing barely misses you.
You hit the brown ugly thing. You tail-slap the brown ugly thing.
The brown ugly thing is moderately wounded.
The brown ugly thing is engulfed in noxious fumes.
The brown ugly thing appears confused.
The brown ugly thing tail-slaps you!
* * * LOW HITPOINT WARNING * * *
You are splashed with acid!
You die...

....#.....#####.u...#
#..... #.....#...####'##
#..... #.....#....#....#
#.....
#.....#....#...#######....
#.....#....'...##...##....
#.....#....#....#...##....
#.....#...#######....#....
#...# ...##....#....
#..@##...#.....#....
#..u.....#.....#....
#..°.....#.....#....
#..○.....#.....'....
#..○############...#
#.)°##...##.####...#
#..○[...............
#...................
#...................


You could see a brown ugly thing (confused).

Vanquished Creatures
  Grinder (D:3)
  An ogre (D:4)
  A phantom (D:5)
  3 wights (D:6)
  2 bullfrog zombies (D:5)
  Crazy Yiuf (D:3)
  3 bombardier beetles
  3 hounds
  4 iguanas
  A sleepcap (D:6)
  A killer bee zombie (D:5)
  A hound zombie (D:5)
  4 adders
  A river rat (D:6)
  An adder zombie (D:5)
  A dart slug (D:3)
  2 ribbon worms (D:2)
  2 orcs (D:5)
  6 ball pythons
  7 endoplasms
  2 giant cockroaches
  2 goblins
  8 hobgoblins
  4 jackals (D:2)
  3 quokkas
  4 bats
  4 frilled lizards
  8 kobolds
  9 rats
  A spectral kobold (D:3)
91 creatures vanquished.

Vanquished Creatures (others)
  A quokka (D:3)
1 creature vanquished.

Grand Total: 92 creatures vanquished

Notes
Turn   | Place    | Note
-------+----------+-------------------------------------------
     0 | D:1      | Ekaitz the Draconian Conjurer began the quest for the Orb.
     0 | D:1      | Reached XP level 1. HP: 14/14 MP: 3/3
   245 | D:1      | Reached XP level 2. HP: 22/22 MP: 0/5
   248 | D:1      | Learned a level 2 spell: Searing Ray
  1289 | D:2      | Reached skill level 1 in Fighting
  1290 | D:2      | Reached XP level 3. HP: 27/28 MP: 2/6
  1787 | D:2      | Reached skill level 5 in Conjurations
  2057 | D:2      | Reached XP level 4. HP: 35/35 MP: 3/7
  2062 | D:2      | Learned a level 4 spell: Iskenderun's Mystic Blast
  2643 | D:3      | Found a white marble altar of Elyvilon.
  3069 | D:3      | Noticed Grinder
  3080 | D:3      | Paralysed by Grinder for 2 turns
  3180 | D:3      | Paralysed by Grinder for 4 turns
  3187 | D:3      | Killed Grinder
  3188 | D:3      | Reached skill level 1 in Shields
  3188 | D:3      | Reached skill level 1 in Translocations
  3188 | D:3      | Reached XP level 5. HP: 15/41 MP: 1/8
  3188 | D:3      | Reached XP level 6. HP: 18/48 MP: 1/9
  3349 | D:3      | Identified the +1 hammer "Vann" {flame, rElec rPois Str-3}
  3354 | D:3      | Found a runed translucent door.
  3355 | D:3      | Noticed Crazy Yiuf
  3405 | D:3      | Found a hazy altar of Hepliaklqana.
  3564 | D:4      | Reached skill level 6 in Conjurations
  3642 | D:4      | Found a staircase to the Ecumenical Temple.
  3661 | Temple   | Entered the Ecumenical Temple
  3683 | Temple   | Became a worshipper of Vehumet
  3948 | D:4      | Found an opulent altar of Gozag.
  4141 | D:4      | Your scales start taking on a lurid green colour.
  4141 | D:4      | Reached XP level 7. HP: 56/56 MP: 4/11
  4141 | D:4      | Gained mutation: Your system is resistant to poisons.
                  | (rPois) [Green Draconian growth]
  4154 | D:4      | Learned a level 4 spell: Fulminant Prism
  4490 | D:3      | Killed Crazy Yiuf
  4600 | D:5      | Entered Level 5 of the Dungeon
  4748 | D:5      | Identified the +0 helmet of Submission {Str+2}
  5162 | D:5      | Found a basalt altar of Yredelemnul.
  5184 | D:5      | Reached skill level 1 in Alchemy
  5684 | D:6      | Found a glowing drain.
  5685 | D:6      | Noticed a green ugly thing
  5894 | D:6      | Reached XP level 8. HP: 28/63 MP: 0/13
  5960 | D:6      | Splashed by a brown ugly thing's acid

Illustrated notes

Levels and vault maps discovered:
D:1:      amcnicky_arrival_blooded_trapdoor, layout_basic
D:2:      layout_basic, grunt_decor_resistance, minivault_19,
          minmay_increasing_density
D:3:      layout_loops_ring, nicolae_hepliaklqana_monster_ancestors,
          elyvilon_altar_4, uniq_grinder, uniq_crazy_yiuf_cottage
D:4:      layout_rooms, mainiacjoe_overflow_catwalk, minmay_temple_entry_statues
D:5:      layout_basic, nicolae_yredelemnul_corpse_copse
D:6:      layout_gridville, portal_sewer_entry_a
Temple:   bh_familiar_temple

Skill      XL: |  1  2  3  4  5  6  7 |
---------------+----------------------+-----
Dodging        | 2 3 |  3.2
Fighting       | 1 2 3 |  3.5
Conjurations   | 5 6 |  6.9
Stealth        | 2 |  2.6
Shields        | 1 2 |  2.8
Translocations | 1 2 |  2.5
Spellcasting   | 3 |  3.3
Alchemy        | 1 |  1.5
Short Blades   | |  0.7

Action                     |  1- 3 |  4- 6 |  7- 9 || total
---------------------------+-------+-------+-------++-------
  Melee: Dagger            |    31 |    10 |    19 ||    60
         Tailslap          |     5 |       |     6 ||    11
         Punch             |     2 |       |       ||     2
   Cast: Magic Dart        |    84 |    53 |    32 ||   169
         Searing Ray       |     3 |     8 |    19 ||    30
Ability: Breathe Noxious F |       |       |     3 ||     3
  Evoke: Wand              |       |     1 |     6 ||     7
    Use: Potion            |       |       |     1 ||     1
   Stab: Paralysed         |       |     3 |       ||     3
         Confused          |       |       |     1 ||     1
 Armour: Skin              |    28 |    16 |    41 ||    85
  Dodge: Dodged            |    37 |    11 |    23 ||    71
  Block: Buckler           |     2 |     7 |    10 ||    19
